 Dungeon Crawl Stone Soup version 0.31-a0-848-gaac375c287 (webtiles) character file.

Game seed: 2750499608785767454

2362 Joey1 the Cleaver (level 9, -12/111 HPs)
             Began as a Minotaur Berserker on Oct 4, 2023.
             Was a Priest of Trog.
             Mangled by an ice devil (22 damage)
             ... summoned by a kobold demonologist
             ... on level 7 of the Dungeon.
             The game lasted 00:10:12 (5099 turns).

Joey1 the Cleaver (Minotaur Berserker)              Turns: 5099, Time: 00:10:13

Health: -12/111    AC: 15    Str: 27    XL:     9   Next: 21%
Magic:  8/8        EV:  9    Int:  4    God:    Trog [***...]
Gold:   607        SH:  0    Dex:  9    Spells: 8/8 levels left

rFire   + . .        J - +4 war axe (freeze)
rCold   . . .        (no shield)
rNeg    . . .        g - +0 chain mail
rPois   .            (helmet restricted)
rElec   .            (no cloak)
rCorr   .            I - +0 pair of gloves
SInv    .            (no boots)
Will    ++...        (no amulet) Stlth
                     h - +4 ring of protection
HPRegen 1.38/turn    n - ring of protection from fire
MPRegen 0.11/turn

%: no passive effects
@: berserking, strong-willed, regenerating, very quick
A: horns 2, retaliatory headbutt
a: Renounce Religion, Berserk, Trog's Hand


You were on level 7 of the Dungeon.
You worshipped Trog.
Trog was most pleased with you.
You visited 1 branch of the dungeon, and saw 7 of its levels.
You also visited: Ossuary.

You collected 607 gold pieces.

Inventory:

Hand Weapons
 a - a +0 hand axe
 y - a +0 war axe
 C - a +0 morningstar
 J - a +4 war axe of freezing (weapon)
Missiles
 w - 3 curare-tipped darts
Armour
 b - a +0 animal skin
 g - a +0 chain mail (worn)
 I - a +0 pair of gloves (worn)
Jewellery
 h - a +4 ring of protection (left hand)
 n - a ring of protection from fire (right hand)
Wands
 z - a wand of charming (11)
Scrolls
 f - a scroll of poison {unknown}
 k - a scroll of amnesia
 l - a scroll of torment {unknown}
 o - 4 scrolls of identify {unknown}
 p - 2 scrolls of noise
 s - a scroll of fear {unknown}
 t - a scroll of fog {unknown}
 u - a scroll of vulnerability
 B - a scroll of blinking {unknown}
 D - a scroll of revelation {unknown}
 E - 3 scrolls of teleportation {unknown}
 F - 3 scrolls of immolation {unknown}
 G - a scroll of summoning {unknown}
Potions
 c - a potion of invisibility {unknown}
 d - 5 potions of curing {unknown}
 e - 2 potions of brilliance {unknown}
 i - 4 potions of might {unknown}
 j - 3 potions of attraction {unknown}
 m - 3 potions of heal wounds {unknown}
 q - 3 potions of lignification {unknown}
 r - 2 potions of enlightenment {unknown}
 v - 3 potions of mutation {unknown}
 x - a potion of haste {unknown}
 A - 2 potions of berserk rage {unknown}
 H - a potion of degeneration {unknown}


   Skills:
 - Level 5.0 Fighting
 + Level 13.9 Axes
 - Level 5.0 Armour
 - Level 2.1 Dodging


You had 8 spell levels left.
You didn't know any spells.
Your spell library was empty.

Dungeon Overview and Level Annotations

Branches:
Dungeon (7/15)            Ossuary (visited)
 Temple: D:4-7

Altars:
Elyvilon
Ru
Wu Jian

Shops:
D:1 [   D:2 (

Annotations:
D:6 3 runed translucent doors, Jeremiah; epsilonplus's ghost, novice FoHu


Innate Abilities, Weirdness & Mutations

You have a pair of horns on your head.
You reflexively headbutt those who attack you in melee.


Message History

The kobold hits you but does no damage. The kobold brigand closely misses you.
You furiously retaliate!
You headbutt the kobold brigand.
The kobold demonologist hits you with a +0 dagger.
* * * LOW HITPOINT WARNING * * *
The chaos spawn gores you but does no damage.
The shadow imp barely misses you. You furiously retaliate!
You headbutt the shadow imp!!
You kill the shadow imp!
The shadow imp disappears in a puff of smoke!
The ice devil barely misses you.
You barely miss the kobold demonologist.
Your headbutt misses the kobold demonologist.
The kobold demonologist is almost dead.
You slash the ice devil! You slash the chaos spawn! You freeze the chaos spawn.
You kill the chaos spawn!
The chaos spawn degenerates into a cloud of primal chaos!
You closely miss the kobold brigand. You slash the kobold!
You freeze the kobold.
You kill the kobold!
Trog accepts your kill.
The crimson imp shouts, "Scamper hence, thou hateful sheep-biting wagtail!"
The crimson imp blinks!
You slash the kobold demonologist! You freeze the kobold demonologist.
You kill the kobold demonologist!
Trog accepts your kill.
Trog appreciates your killing of a magic user.
The rust devil disappears in a puff of smoke!
You barely miss the kobold brigand. You completely miss the ice devil.
The kobold brigand hits you with a +0 whip of electrocution.
* * * LOW HITPOINT WARNING * * *
You slice the kobold demonologist!! You freeze the kobold demonologist.
The kobold demonologist is severely wounded.
You miss the kobold brigand. You barely miss the iron imp.
You slash the kobold! You freeze the kobold.
You kill the kobold!
Trog accepts your kill.
You hit the ice devil. The ice devil hits you!
* * * LOW HITPOINT WARNING * * *
The ice devil freezes you!!
You die...

.. #?. ##.## #.#####. .
#...# #.##... .. #...#
#.##.##. #)..# #......
### #...# ###.##.## ..#
#...# #....§.5#
#.###...###.....K)#.###.
.)..†.........#.@4.K....
...............§5KK..#..
..............#.§..§....
#.###...###.......#..##.
..# #...# #.....>##....
### #...# #####.... .###
#...# ##... . #...# ####
##


You could see an ice devil (summoned), a kobold demonologist, a kobold brigand,
an iron imp (summoned), a crimson imp (summoned) and 2 kobolds.

Vanquished Creatures
  A kobold demonologist (D:7)
  Eustachio (D:4)
  A steam dragon (D:6)
  A water moccasin (D:5)
  2 ogres (D:6)
  2 kobold brigands
  A phantom (D:5)
  Blork the orc (D:5)
  4 scorpions
  8 wights
  4 hounds
  3 jellies
  2 orc priests (D:6)
  A sleepcap (D:4)
  2 orc wizards
  8 mummies (Ossuary)
  A gnoll (D:1)
  4 adders
  2 ufetubi (D:5)
  3 worms
  6 dart slugs
  8 orcs
  8 ball pythons
  5 endoplasms
  2 giant cockroaches (D:1)
  A gnoll zombie (Ossuary)
  10 goblins
  4 hobgoblins
  4 jackals (D:3)
  14 kobolds
  3 quokkas
  3 bats
  3 frilled lizards (D:2)
  A hobgoblin zombie (Ossuary)
  4 kobold zombies (Ossuary)
  2 orc zombies (Ossuary)
  2 rats
132 creatures vanquished.

Notes
Turn   | Place    | Note
-------+----------+-------------------------------------------
     0 | D:1      | Joey1 the Minotaur Berserker began the quest for the Orb.
     0 | D:1      | Reached XP level 1. HP: 19/19 MP: 0/0
    25 | D:1      | Found Haskesep's Antique Armour Shoppe.
    51 | D:1      | Reached XP level 2. HP: 12/27 MP: 1/1
   307 | D:1      | Reached skill level 4 in Axes
   641 | D:1      | Reached XP level 3. HP: 32/33 MP: 2/2
   870 | D:2      | Reached ** piety under Trog
  1025 | D:2      | Found Mukeli's Weapon Shop.
  1428 | D:3      | Reached XP level 4. HP: 41/41 MP: 3/3
  1482 | D:3      | Found a faded altar of an unknown god.
  2149 | D:4      | Found a sacrificial altar of Ru.
  2171 | D:4      | Reached skill level 5 in Fighting
  2171 | D:4      | Reached skill level 5 in Axes
  2171 | D:4      | Reached XP level 5. HP: 35/48 MP: 4/4
  2298 | D:4      | Reached skill level 5 in Armour
  2298 | D:4      | Reached XP level 6. HP: 39/56 MP: 5/5
  2306 | D:4      | Reached skill level 6 in Axes
  2409 | D:4      | Reached skill level 7 in Axes
  2530 | D:4      | Noticed Eustachio
  2563 | D:4      | Killed Eustachio
  2564 | D:4      | Reached skill level 8 in Axes
  2564 | D:4      | Reached XP level 7. HP: 49/61 MP: 6/6
  2870 | D:4      | Reached *** piety under Trog
  2956 | D:4      | Found an ornate altar of the Wu Jian Council.
  3120 | D:5      | Entered Level 5 of the Dungeon
  3121 | D:5      | Noticed Blork the orc
  3128 | D:5      | Killed Blork the orc
  3289 | D:5      | Reached skill level 9 in Axes
  3390 | D:5      | Found a white marble altar of Elyvilon.
  3532 | D:5      | Reached skill level 10 in Axes
  3563 | D:5      | Reached XP level 8. HP: 56/68 MP: 7/7
  3988 | D:6      | Noticed Jeremiah
  4045 | D:6      | Reached skill level 11 in Axes
  4222 | D:6      | Found a sand-covered staircase.
  4229 | Ossuary  | Entered an ossuary
  4280 | Ossuary  | Reached skill level 12 in Axes
  4628 | D:6      | Found a runed translucent gate.
  4629 | D:6      | Found a runed translucent gate.
  4629 | D:6      | Noticed epsilonplus's ghost (novice FoHu)
  4720 | D:6      | Found a runed translucent gate.
  5037 | D:7      | Reached skill level 13 in Axes
  5043 | D:7      | Reached XP level 9. HP: 74/74 MP: 8/8
  5085 | D:7      | Noticed a kobold demonologist
  5085 | D:7      | Noticed a kobold demonologist
  5089 | D:7      | Noticed an ice devil
  5096 | D:7      | Noticed a rust devil
  5098 | D:7      | Killed a kobold demonologist
  5099 | D:7      | Mangled by an ice devil

Illustrated notes

Levels and vault maps discovered:
D:1:      dpeg_arrival_renting, layout_rooms, serial_shops,
          nicolae_shop_peninsula
D:2:      layout_basic, serial_shops, nicolae_shop_bloodbath_and_beyond,
          minmay_misc_feat_enclosed, minmay_surrounded
D:3:      layout_loops_ring, shapermc_ecumenical_altar_rom_forum
D:4:      cheibrodos_greedy_goblins, layout_basic, overflow_temple_1_default,
          nicolae_ru_sacrificial_ziggurat, uniq_eustachio
D:5:      layout_loops_ring, elyvilon_altar_5, serial_glass, glass_columns_b,
          glass_columns_b, glass_columns_c, glass_columns_a, glass_columns_a,
          glass_columns_a, chequers_serial_rivers_small_a, uniq_blork_the_orc
D:6:      layout_rooms, enter_ossuary_1, gammafunk_ghost_nasty_kobolds,
          uniq_jeremiah
D:7:      layout_loops_cross, temple_green, uniq_duvessa

Skill      XL: |  1  2  3  4  5  6  7  8 |
---------------+-------------------------+-----
Fighting       | 4 5 |  5.0
Axes           | 4 5 8 10 13 | 13.9
Armour         | 3 4 5 |  5.0
Dodging        | |  2.1

Action                     |  1- 3 |  4- 6 |  7- 9 || total
---------------------------+-------+-------+-------++-------
  Melee: Hand axe          |    82 |    54 |       ||   136
         Headbutt          |    11 |    17 |    26 ||    54
         War axe           |       |    32 |   169 ||   201
         Punch             |       |       |     1 ||     1
  Throw: Dart              |       |       |     3 ||     3
 Invoke: Berserk           |       |     1 |     3 ||     4
         Trog's Hand       |       |       |     4 ||     4
    Use: Scroll            |       |       |     3 ||     3
   Stab: Distracted        |     1 |       |       ||     1
 Armour: Animal skin       |    13 |       |       ||    13
         Chain mail        |    35 |    71 |   121 ||   227
  Dodge: Dodged            |    32 |    60 |    72 ||   164

Table legend: (Time is in decaauts)
 A = Elapsed time spent in this place.
 B = Non-inter-level travel time spent in this place.
 C = Inter-level travel time spent in this place.
 D = Time resting spent in this place.
 E = Time spent auto-exploring this place.
 F = Levels seen in this place.
 G = Mean time per level.
                   A        B        C        D        E       F      G
               +--------+--------+--------+--------+--------+-----+--------+
         Total |   5144 |   4926 |    218 |    345 |   3508 |   8 |  643.0 |
       Dungeon |   4875 |   4657 |    218 |    300 |   3371 |   7 |  696.4 |
       Ossuary |    268 |    268 |      0 |     45 |    137 |   1 |  268.0 |
               +--------+--------+--------+--------+--------+-----+--------+

Top non-repeatable levels by time:
     D:4: 1094 daAuts
     D:5: 871 daAuts
     D:6: 781 daAuts
     D:1: 746 daAuts
     D:3: 731 daAuts
     D:2: 578 daAuts
 Ossuary: 268 daAuts
     D:7: 73 daAuts
